 Seeded DCSS version 0.30-a0-883-g5ad918d77d (webtiles) character file.

Game seed: 15748772131455733785 (custom seed)

301 Parcival the Chopper (level 6, -1/53 HPs)
             Began as a Minotaur Fighter on Mar 17, 2023.
             Slain by Natasha (4 damage)
             ... on level 3 of the Dungeon.
             The game lasted 00:05:35 (2926 turns).

Parcival the Chopper (Minotaur Fighter)             Turns: 2926, Time: 00:05:36

Health: -1/53      AC: 13    Str: 29    XL:     6   Next: 14%
Magic:  5/5        EV:  7    Int:  5    God:
Gold:   129        SH:  4    Dex:  9    Spells: 5/5 levels left

rFire   . . .      SeeInvis .    f - +0 broad axe
rCold   . . .      Faith    .    c - +0 buckler
rNeg    . . .      Spirit   .    e - +1 plate armour
rPois   .          Reflect  .    (helmet restricted)
rElec   .          Rampage  .    (no cloak)
rCorr   .                        (no gloves)
Will    .....                    (no boots) Stlth
                                 (no amulet)
HPRegen 0.28/turn                j - +6 ring of strength
MPRegen 0.09/turn                (no ring)

@: mighty, slowed, very slow
A: horns 2, retaliatory headbutt
a: no special abilities


You were on level 3 of the Dungeon.
You visited 1 branch of the dungeon, and saw 3 of its levels.

You collected 129 gold pieces.

Inventory:

Hand Weapons
 a - a +0 war axe
 f - a +0 broad axe (weapon)
Armour
 b - a +0 scale mail
 c - a +0 buckler (worn)
 e - a +1 plate armour (worn)
Jewellery
 j - a +6 ring of strength (left hand)
 l - a ring of poison resistance
Wands
 n - a wand of polymorph (9)
 s - a wand of acid (9)
 t - a wand of flame (23)
Scrolls
 g - a scroll of fog
 q - a scroll of blinking
Potions
 d - a potion of might
 h - 2 potions of mutation
 i - 3 potions of brilliance {unknown}
 k - a potion of heal wounds {unknown}
 p - a potion of lignification {unknown}
 u - 2 potions of ambrosia {unknown}
 v - a potion of resistance {unknown}


   Skills:
 + Level 4.6 Fighting
 + Level 6.2 Axes
 + Level 4.6 Armour
 + Level 4.2 Shields


You had 5 spell levels left.
You didn't know any spells.
Your spell library contained the following spells:

 Spells                   Type           Power      Damage    Failure   Level
 Slow                     Hex            0%         N/A       100%        1
 Confusing Touch          Hex            0%         N/A       100%        3
 Ignite Poison            Fire/Tmut/Pois 0%         N/A       100%        3
 Kindle Blastsparks       Fire/Tloc/Air  0%         2d10      100%        3
 Vampiric Draining        Necr           0%         2d6       100%        3
 Freezing Cloud           Conj/Ice/Air   0%         6-21      100%        5


Dungeon Overview and Level Annotations

Branches:
Dungeon (3/15)

Altars:

Annotations:
D:3 Natasha


Innate Abilities, Weirdness & Mutations

You have a pair of horns on your head.
You reflexively headbutt those who attack you in melee.


Message History

A magic dart appears from out of thin air!
The magic dart hits you but does no damage.
The shadow imp gestures at you. Pain shoots through your body!
You feel very mighty all of a sudden. Something claws you.
The shadow imp hits you but does no damage.
You hear some strange, mumbled words.
You slice something!!
Reactivating autopickup.
The shadow imp disappears in a puff of smoke!
The white imp disappears in a puff of smoke!
You feel a bit more experienced.
Natasha, Servant of Life and Death comes into view.
You see here the felid corpse of Natasha.
Natasha howls an incantation.
Natasha glows brightly for a moment.
There is an open door, spattered with blood here.
Natasha mumbles some strange words. x2
Natasha mumbles some strange words.
The crimson imp barely misses you. The iron imp barely misses you.
The crimson imp blinks!
Natasha claws you but does no damage.
The iron imp hits you but does no damage.
The crimson imp shouts, "Slither home, thou hateful fly-bitten ruminant!"
Natasha claws you!
* * * LOW HITPOINT WARNING * * *
You barely miss Natasha. You slash the iron imp! You slash the crimson imp!
The crimson imp blinks!
The iron imp hits you.
* * * LOW HITPOINT WARNING * * *
Natasha casts a spell at you. The magic dart hits you!
* * * LOW HITPOINT WARNING * * *
The shadow imp barely misses you. The iron imp barely misses you.
You closely miss Natasha. You barely miss the shadow imp.
You barely miss the crimson imp. You slash the iron imp!
You kill the iron imp!
The iron imp disappears in a puff of smoke!
Natasha claws you.
You die...

####....# #.# ####.##.#
...#....#######'#### #.##.#
...#...............# #.##.#
...................# #.##.#
##.#.###.........<.# #.##.#
...#.# #...........# #.##.#
####.# #...........# #.##)# #.#
#........h5.# #.##.#
####.###.......§@5.####.##.#
#.....##...........'†##.##.#
#.....##...........#.....#.#####
#.....##...........#...........#
......##...........#...........#
###############.####...........#
#.~.# #.# #...........# #.~.#
#.# #.......)...#
#.~.##########.# #.........>.#


You could see Natasha, a crimson imp (summoned) and a shadow imp (summoned).

Vanquished Creatures
  The ghost of retardedninja the Trooper, an amateur HuFi (D:3)
  Ijyb (D:3)
  Natasha (twice) (D:3)
  3 adders (D:2)
  3 gnolls (D:2)
  2 worms (D:2)
  3 dart slugs (D:3)
  11 endoplasms
  2 giant cockroaches (D:1)
  5 goblins
  6 hobgoblins
  11 jackals
  A quokka (D:2)
  7 ball pythons
  2 bats
  4 frilled lizards
  6 kobolds
  5 rats
75 creatures vanquished.

Notes
Turn   | Place    | Note
-------+----------+-------------------------------------------
     0 | D:1      | Parcival the Minotaur Fighter began the quest for the Orb.
     0 | D:1      | Reached XP level 1. HP: 19/19 MP: 0/0
   369 | D:1      | Reached XP level 2. HP: 27/27 MP: 1/1
   993 | D:2      | Reached XP level 3. HP: 31/33 MP: 2/2
   997 | D:2      | Reached skill level 3 in Axes
  1116 | D:2      | Reached XP level 4. HP: 25/40 MP: 3/3
  1186 | D:2      | Found a faded altar of an unknown god.
  1271 | D:2      | Reached skill level 4 in Axes
  2221 | D:3      | Found a runed translucent door.
  2239 | D:3      | Reached XP level 5. HP: 45/47 MP: 4/4
  2487 | D:3      | Noticed Natasha
  2494 | D:3      | Killed Natasha
  2495 | D:3      | Reached skill level 5 in Axes
  2504 | D:3      | Noticed Ijyb
  2511 | D:3      | Killed Ijyb
  2721 | D:3      | Noticed retardedninja's ghost (amateur HuFi)
  2729 | D:3      | Killed retardedninja's ghost
  2730 | D:3      | Reached skill level 6 in Axes
  2730 | D:3      | Reached XP level 6. HP: 52/53 MP: 5/5
  2900 | D:3      | Noticed Natasha
  2918 | D:3      | Killed Natasha
  2918 | D:3      | Noticed Natasha
  2925 | D:3      | HP: 2/53 [Natasha/magic dart (7)]
  2926 | D:3      | Slain by Natasha

Illustrated notes

Levels and vault maps discovered:
D:1:      dpeg_arrival_brainrot, layout_basic, hangedman_decor_growths,
          minmay_misc_feat_rugged, nicolae_titane
D:2:      minmay_recursive_quarters, layout_basic,
          dreamdust_ecumenical_altar_sealed_demon, serial_glass,
          glass_columns_c, glass_columns_a, hex_tiny
D:3:      layout_basic, ebering_ghost_reflecting_pool,
          minmay_misc_feat_four_crosses, uniq_ijyb, uniq_natasha

Skill      XL: |  1  2  3  4  5 |
---------------+----------------+-----
Armour         | 4 |  4.6
Fighting       | 4 |  4.6
Shields        | 4 |  4.2
Axes           | 3 4 6 |  6.2

Action                     |  1- 3 |  4- 6 || total
---------------------------+-------+-------++-------
  Melee: War axe           |    10 |       ||    10
         Broad axe         |    47 |    91 ||   138
         Headbutt          |     7 |     9 ||    16
    Use: Scroll            |     1 |     8 ||     9
         Potion            |       |     1 ||     1
 Armour: Plate armour      |    46 |    72 ||   118
         Scale mail        |     1 |       ||     1
  Dodge: Dodged            |    34 |    35 ||    69
  Block: Buckler           |    14 |    23 ||    37

Table legend: (Time is in decaauts)
 A = Elapsed time spent in this place.
 B = Non-inter-level travel time spent in this place.
 C = Inter-level travel time spent in this place.
 D = Time resting spent in this place.
 E = Time spent auto-exploring this place.
 F = Levels seen in this place.
 G = Mean time per level.
                   A        B        C        D        E       F      G
               +--------+--------+--------+--------+--------+-----+--------+
         Total |   2998 |   2834 |    164 |    100 |   2079 |   3 |  999.3 |
       Dungeon |   2998 |   2834 |    164 |    100 |   2079 |   3 |  999.3 |
               +--------+--------+--------+--------+--------+-----+--------+

Top non-repeatable levels by time:
     D:1: 1001 daAuts
     D:3: 1000 daAuts
     D:2: 997 daAuts
